 Dungeon Crawl Stone Soup version 0.28.0 (webtiles) character file.

Game seed: 15594691735590653806

93 multipassport the Sneak (level 4, -7/28 HPs)
             Began as a Kobold Monk on Feb 12, 2022.
             Mangled by an orc priest (8 damage)
             ... on level 3 of the Dungeon.
             The game lasted 00:05:24 (3108 turns).

multipassport the Sneak (Kobold Monk)               Turns: 3108, Time: 00:05:24

Health: -7/28      AC:  4    Str:  8    XL:     4   Next: 92%
Magic:  4/4        EV: 16    Int: 11    God:
Gold:   45         SH:  0    Dex: 19    Spells: 3/3 levels left

rFire   + . .      SeeInvis .   a - +0 short sword
rCold   x . .      Faith    .   (no shield)
rNeg    . . .      Spirit   .   b - +0 robe
rPois   .          Reflect  .   (no helmet)
rElec   .          Harm     .   (no cloak)
rCorr   .          Rampage  .   (no gloves)
Will    .....                   g - +1 pair of boots
Stlth   ++++......              (no amulet)
HPRegen 0.09/turn               k - ring of fire
MPRegen 0.09/turn               (no ring)

@: no status effects
A: small, no large weapons, nightstalker 3
a: no special abilities


You were on level 3 of the Dungeon.
You visited 1 branch of the dungeon, and saw 3 of its levels.

You collected 45 gold pieces.

Inventory:

Hand Weapons
 a - a +0 short sword (weapon)
Armour
 b - a +0 robe (worn)
 g - a +1 pair of boots (worn)
Magical Staves
 c - a staff of cold
Jewellery
 k - a ring of fire (left hand)
Scrolls
 d - a scroll of summoning {unknown}
 h - a scroll of fog {unknown}
 j - a scroll of brand weapon {unknown}
 l - a scroll of teleportation {unknown}
Potions
 e - a potion of magic {unknown}
 f - a potion of attraction {unknown}
 i - a potion of curing {unknown}


   Skills:
 + Level 3.5 Fighting
 + Level 4.2 Short Blades
 + Level 3.8 Dodging
 + Level 6.1 Stealth


You had 3 spell levels left.
You didn't know any spells.
Your spell library was empty.

Dungeon Overview and Level Annotations

Branches:
Dungeon (3/15)

Altars:

Annotations:
D:3 Grinder


Innate Abilities, Weirdness & Mutations

You are small and have problems with some larger weapons.
You are completely attuned to the shadows.


Message History

The orc priest is lightly wounded.
The goblin hits you with a +0 club. The orc priest misses you.
You hit the orc priest but do no damage.
The orc priest is lightly wounded.
The goblin hits you with a +0 club.
You hit the orc priest but do no damage.
The orc priest is lightly wounded.
The orc priest barely misses you. The goblin misses you.
You closely miss the orc priest.
The orc priest is lightly wounded.
The orc priest closely misses you.
Grinder comes into view.
The goblin closely misses you.
You hit the orc but do no damage. The orc priest barely misses you.
The orc completely misses you.
Grinder blinks!
The goblin closely misses you.
You barely miss the orc.
The orc priest calls down the wrath of Beogh upon you.
Beogh smites you! The orc closely misses you.
Grinder blinks!
The goblin closely misses you.
You hit the orc.
The orc is moderately wounded.
The orc priest hits you with a +0 flail.
The orc barely misses you.
You barely miss the orc.
The orc is moderately wounded.
The goblin closely misses you.
The orc priest hits you with a +0 flail.
* * * LOW HITPOINT WARNING * * *
The orc misses you.
You hit the orc.
The orc is heavily wounded.
The goblin hits you but does no damage. The orc priest barely misses you.
The orc hits you with a +0 flail.
* * * LOW HITPOINT WARNING * * *
You hit the orc.
You kill the orc!
The goblin hits you with a +0 club.
* * * LOW HITPOINT WARNING * * *
The orc priest hits you with a +0 flail!
You die...

##..###
.........#
##.#
..#..##.## ..
....#.#.# ..#
#..# ##.# #
##. #.#####..
...og##.###
#@.....#
#)##.#.#
#....#.##
#...###...###
#.#.#........
....#.#...##
#.##.##.## #
#.# #.##.##


You could see an orc priest and a goblin.

Vanquished Creatures
  A gnoll (D:3)
  An adder (D:2)
  A worm (D:2)
  A dart slug (D:2)
  9 orcs (D:3)
  5 endoplasms
  A giant cockroach (D:2)
  4 goblins
  6 hobgoblins
  4 jackals (D:2)
  5 kobolds
  2 quokkas (D:1)
  8 ball pythons
  2 bats
  7 rats
57 creatures vanquished.

Vanquished Creatures (others)
  2 plants (D:2)
  10 toadstools (D:2)
12 creatures vanquished.

Grand Total: 69 creatures vanquished

Notes
Turn   | Place    | Note
-------+----------+-------------------------------------------
     0 | D:1      | multipassport the Kobold Monk began the quest for the Orb.
     0 | D:1      | Reached XP level 1. HP: 14/14 MP: 1/1
    42 | D:1      | Reached skill level 3 in Stealth
    84 | D:1      | Reached XP level 2. HP: 12/19 MP: 2/2
    95 | D:1      | Reached skill level 4 in Stealth
  1017 | D:2      | Reached XP level 3. HP: 23/23 MP: 3/3
  1086 | D:2      | Reached skill level 5 in Stealth
  1719 | D:2      | Found a faded altar of an unknown god.
  1730 | D:2      | Reached XP level 4. HP: 28/28 MP: 4/4
  2080 | D:2      | You fall into a shaft and drop 1 floor!
  2204 | D:3      | Reached skill level 6 in Stealth
  3102 | D:3      | Noticed Grinder
  3108 | D:3      | HP: 1/28 [goblin (3)]
  3108 | D:3      | Mangled by an orc priest

Illustrated notes

Levels and vault maps discovered:
D:1:      dpeg_arrival_houses_and_road, layout_loops_ring,
          palyth_stone_intersect
D:2:      cheibrodos_fertilizer, layout_loops_ring,
          hellmonk_ecumenical_altar_zigzags, minmay_shallow_snake_nest
D:3:      layout_loops_ring, uniq_grinder, uniq_terence

Skill      XL: |  1  2  3  4 |
---------------+-------------+-----
Stealth        | 3 4 5 6 |  6.1
Fighting       | |  3.5
Short Blades   | |  4.2
Dodging        | |  3.8

Action                   |  1- 3 |  4- 6 || total
-------------------------+-------+-------++-------
Melee: Short sword       |    91 |   113 ||   204
       Punch             |       |     2 ||     2
 Stab: Sleeping          |    14 |     6 ||    20
Armor: Robe              |    15 |    10 ||    25
Dodge: Dodged            |    57 |    71 ||   128
